 Dungeon Crawl Stone Soup version 0.19.1-1-g22dce08 (webtiles) character file.

20735 LORDOFBUTT the Cleaver (level 12, -12/160 HPs)
             Began as a Minotaur Berserker on Jan 17, 2017.
             Was a High Priest of Trog.
             Mangled by an orc warlord
             ... wielding a +2 war axe of venom
              (33 damage)
             ... on level 2 of the Orcish Mines.
             The game lasted 00:20:30 (14234 turns).

LORDOFBUTT the Cleaver (Minotaur Berserker)        Turns: 14234, Time: 00:20:30

Health: -12/160    AC: 15    Str: 31    XL:     12   Next: 48%
Magic:  2/11       EV: 16    Int:  4    God:    Trog [*****.]
Gold:   1450       SH:  0    Dex: 13    Spells: 0 memorised, 11 levels left

rFire  + + .     SeeInvis .     x - +0 battleaxe (freeze)
rCold  + + .     Gourm    .     E - +2 chain mail {rC+}
rNeg   . . .     Faith    .     (shield currently unavailable)
rPois  +         Spirit   .     (helmet unavailable)
rElec  .         Reflect  .     (no cloak)
rCorr  .         Harm     .     (no gloves)
MR     +....                    (no boots)
Stlth  ..........               (no amulet)
                                s - ring of protection from fire
                                D - +2 ring of protection

@: berserking, lethally poisoned (-12 -> -13), drained, very quick
A: retaliatory headbutt, horns 3, camouflage 1, agile 1, blurry vision 1, cold
resistance 1, fire resistance 1, magic resistance 1, poison resistance,
screaming 1
a: Berserk, Trog's Hand, Brothers in Arms, Burn Spellbooks, Renounce Religion


You were on level 2 of the Orcish Mines.
You worshipped Trog.
Trog was extremely pleased with you.
You were very hungry.

You visited 2 branches of the dungeon, and saw 15 of its levels.
You also visited: Ossuary.

You collected 1450 gold pieces.

Inventory:

Hand Weapons
 r - a +2 hand axe of electrocution
 x - a +0 battleaxe of freezing (weapon)
Missiles
 L - 5 exploding tomahawks (quivered)
Armour
 E - a +2 chain mail of cold resistance (worn)
Jewellery
 f - a +4 ring of intelligence {unknown}
 s - a ring of protection from fire (right hand)
 D - a +2 ring of protection (left hand)
 J - an uncursed ring of see invisible
Wands
 l - a wand of disintegration (11/24)
 w - a wand of disintegration (11/24)
 A - a wand of lightning (9/15)
 B - a wand of flame (19/48)
 F - a wand of iceblast (4/15)
 H - a wand of iceblast (6/15)
 O - a wand of iceblast (4/15)
 Q - a wand of random effects (15/48)
 T - a wand of flame (28/48)
Scrolls
 e - 2 scrolls of remove curse
 h - 4 scrolls of teleportation
 i - 4 scrolls of recharging
 j - a scroll of fear {unknown}
 k - 2 scrolls of enchant weapon {unknown}
 p - a scroll of random uselessness {unknown}
 v - 2 scrolls of fog
 y - a scroll of magic mapping
 G - a scroll of enchant armour {unknown}
 I - a scroll of immolation {unknown}
 R - 2 scrolls of noise {unknown}
Potions
 a - 2 potions of heal wounds
 d - 2 potions of invisibility
 g - a potion of might {unknown}
 m - 3 potions of agility
 n - 5 potions of lignification
 t - 4 potions of curing
 u - a potion of brilliance {unknown}
 C - a potion of flight {unknown}
 M - 2 potions of berserk rage
 N - 2 potions of cure mutation
Books
 K - a book of Misfortune

   Spells                             Type                      Level
   a - Confusing Touch                Hexes                        1
   b - Confuse                        Hexes                        3
   c - Gell's Gravitas                Hexes/Translocation          3
   d - Petrify                        Transmutation/Earth          4
   e - Metabolic Englaciation         Hexes/Ice                    5
   f - Yara's Violent Unravelling     Hexes/Transmutation          5
   Trog disapproves of the use of such an item.
 P - a book of Flames

   Spells                             Type                      Level
   a - Flame Tongue                   Conjuration/Fire             1
   b - Throw Flame                    Conjuration/Fire             2
   c - Conjure Flame                  Conjuration/Fire             3
   d - Inner Flame                    Hexes/Fire                   3
   e - Sticky Flame                   Conjuration/Fire             4
   f - Fireball                       Conjuration/Fire             5
   Trog disapproves of the use of such an item.
Comestibles
 c - 7 bread rations
 o - 4 meat rations
 z - 29 fruits
 W - a royal jelly


   Skills:
 + Level 10.4(10.3) Fighting
 * Level 14.8(14.7) Axes
 + Level 10.1(10.0) Armour
 - Level 13.0(12.9) Dodging


You had 11 spell levels left.
You didn't know any spells.

Dungeon Overview and Level Annotations

Branches:
Dungeon (13/15)            Temple (0/1) D:5            Lair (0/6) D:11
    Orc (2/2) D:11            Elf (0/3) Orc:2
 Vaults: D:13-14

Altars:
Xom
Zin

Shops:
D:8 :   D:9 ?

Portals:
Trove: D:12 (give +4 storm dragon scales)

Annotations:
D:12 exclusions: oklob plant and oklob sapling
Orc:2 Blork the orc


Innate Abilities, Weirdness & Mutations

You reflexively headbutt those who attack you in melee.
You have a pair of large horns on your head.
Your skin changes colour to match your surroundings (Stealth+).
You are agile. (Dex +2)
Scrolls take you a little longer to read.
Your flesh is cold resistant. (rC+)
Your flesh is heat resistant. (rF+)
You are resistant to hostile enchantments. (MR+)
Your system is resistant to poisons. (rPois)
You occasionally shout uncontrollably at your foes.


Message History

The tomahawk of returning hits you.
* * * LOW HITPOINT WARNING * * *
The weapon returns to the orc warrior!
An orc knight comes into view. It is wielding a great sword.
You slash the orc warlord! You freeze the orc warlord.
The orc warlord is severely wounded.
You feel sick.
You slash the orc warlord!
The orc warlord is almost dead.
You slash the orc priest! You freeze the orc priest.
The orc warlord barely misses you. Blork the orc barely misses you.
The orc knight roars a battlecry!
The orc warlord goes into a battle-frenzy!
All of the chunks of flesh in your inventory have rotted away.
You slice the orc priest!! You freeze the orc priest.
You kill the orc priest!
Trog accepts your kill.
You hit the orc warlord.
You feel sick.
The orc warlord hits you with a war axe of venom!!
You die...

....[.......#
........##.##
#......###.## .
.....(..#...# @.
...)[...>#.## .o.
...[)[...### ######....
..#......######..8......
..##.#......##).))......
..#####.(....)))@oo....o
.#####.......)..)†o.....
....#............8......
..........#.#.######o...
.........###### ...
#.......## .. #....... .
.....#. ######


You could see Rupert, an orc warlord, an orc knight, Blork the orc, 2 orc
warriors and an orc priest.

Vanquished Creatures
  An orc warlord (Orc:2)
  The ghost of keipra the Basher, a novice MiBe of Trog (D:12)
  A death knight (D:11)
  A tengu warrior (D:12)
  Urug (Orc:2)
  An unseen horror (D:10)
  A hill giant (D:11)
  2 orc knights
  Pikel (D:7)
  An ugly thing (D:11)
  3 orc sorcerers
  A cyclops (D:11)
  A two-headed ogre (D:11)
  A hornet (D:11)
  6 trolls
  2 hippogriffs
  A wraith (D:12)
  A vampire (D:9)
  5 yaks (D:9)
  3 wyverns
  A hungry ghost (D:11)
  2 wargs
  2 hell hounds (D:11)
  5 water moccasins
  2 ice beasts
  2 slaves (D:7)
  18 orc warriors
  The ghost of LORDOFBUTT the Chopper, an amateur MiBe of Trog (D:4)
  A sky beast (D:7)
  A phantom (D:11)
  2 necrophages
  13 centaurs
  9 ogres
  2 big kobolds
  5 bullfrogs
  4 scorpions
  17 killer bees
  7 wights (D:11)
  6 howler monkeys
  3 crimson imps
  A bullfrog zombie (D:8)
  2 lava snakes (D:12)
  A bullfrog skeleton (D:10)
  13 orc priests
  3 centaur skeletons
  4 hounds
  2 jellies
  5 iguanas
  21 orc wizards
  6 worker ants
  A killer bee zombie (D:10)
  12 mummies (Ossuary)
  2 worker ant zombies
  Robin (D:3)
  4 gnolls (D:4)
  A howler monkey skeleton (D:10)
  14 adders
  3 shadow imps
  2 oozes
  An adder zombie (D:5)
  2 adder skeletons
  2 worms (D:2)
  A dart slug (D:2)
  4 leopard geckos
  98 orcs
  9 giant cockroaches
  8 hobgoblins
  8 jackals
  5 quokkas
  8 ball pythons
  8 bats
  5 frilled lizards
  4 gnoll skeletons (Ossuary)
  22 goblins
  A goblin skeleton (Ossuary)
  A jackal skeleton (D:4)
  6 kobolds
  A kobold skeleton (Ossuary)
  2 leopard gecko skeletons (D:6)
  2 orc skeletons (Ossuary)
  5 rats
  11 rat skeletons (Ossuary)
450 creatures vanquished.

Vanquished Creatures (collateral kills)
  A killer bee (D:6)
1 creature vanquished.

Vanquished Creatures (others)
  A slave (D:7)
  A bullfrog zombie (D:7)
  2 orcs (D:3)
  3 plants (D:12)
7 creatures vanquished.

Grand Total: 458 creatures vanquished

Notes
Turn   | Place    | Note
-------+----------+-------------------------------------------
     0 | D:1      | LORDOFBUTT the Minotaur Berserker began the quest for the Orb.
     0 | D:1      | Reached XP level 1. HP: 19/19 MP: 0/0
   129 | D:1      | Reached XP level 2. HP: 22/27 MP: 1/1
   135 | D:1      | Reached skill level 4 in Axes
   435 | D:1      | Reached ** piety under Trog
   611 | D:2      | Reached XP level 3. HP: 20/33 MP: 2/2
   864 | D:2      | You fall through a shaft for 2 floors!
   967 | D:4      | Reached skill level 5 in Axes
   967 | D:4      | Reached XP level 4. HP: 29/40 MP: 3/3
  1270 | D:4      | Reached skill level 6 in Axes
  1270 | D:4      | Reached XP level 5. HP: 38/46 MP: 4/4
  1398 | D:4      | Noticed LORDOFBUTT's ghost (amateur MiBe)
  1411 | D:4      | HP: 2/69 [LORDOFBUTT's ghost (10)]
  1416 | D:4      | Killed LORDOFBUTT's ghost
  1761 | D:4      | Reached XP level 6. HP: 43/52 MP: 5/5
  1823 | D:3      | Reached skill level 7 in Axes
  2357 | D:2      | Reached *** piety under Trog
  3300 | D:3      | Noticed Robin
  3311 | D:3      | Killed Robin
  3625 | D:5      | Entered Level 5 of the Dungeon
  3704 | D:5      | Reached skill level 8 in Axes
  3897 | D:5      | Reached XP level 7. HP: 24/59 MP: 6/6
  3900 | D:5      | Reached **** piety under Trog
  3924 | D:5      | Reached skill level 5 in Dodging
  4350 | D:5      | Found a staircase to the Ecumenical Temple.
  4560 | D:5      | Reached skill level 9 in Axes
  4986 | D:6      | Reached XP level 8. HP: 51/66 MP: 7/7
  5201 | D:6      | Reached skill level 10 in Axes
  5316 | D:6      | HP: 1/66 [killer bee (6)]
  5965 | D:7      | Found a glowing silver altar of Zin.
  6317 | D:7      | Noticed Pikel
  6329 | D:7      | Killed Pikel
  6329 | D:7      | Reached skill level 11 in Axes
  6540 | D:7      | Reached XP level 9. HP: 71/71 MP: 8/8
  6542 | D:7      | Reached skill level 12 in Axes
  6562 | D:7      | You fall through a shaft for 2 floors!
  6846 | D:8      | Found a sand-covered staircase.
  6980 | Ossuary  | Entered an ossuary
  7102 | Ossuary  | Received a gift from Trog
  7206 | Ossuary  | Reached skill level 13 in Axes
  7407 | D:7      | Gained mutation: Your flesh is heat resistant. (rF+) [mutagenic meat]
  8183 | D:8      | Found Rehaona's Book Emporium.
  8351 | D:8      | Reached ***** piety under Trog
  8661 | D:9      | Found Suutozym's Magic Scroll Shoppe.
  8666 | D:9      | Reached XP level 10. HP: 76/78 MP: 9/9
  8787 | D:9      | Reached skill level 14 in Axes
  9146 | D:9      | Reached skill level 10 in Dodging
  9497 | D:10     | Entered Level 10 of the Dungeon
  9570 | D:10     | Received a gift from Trog
  9875 | D:10     | Killed an unseen horror
  9875 | D:10     | Reached skill level 5 in Fighting
 10314 | D:11     | Found a staircase to the Lair.
 10354 | D:11     | Reached skill level 5 in Armour
 10428 | D:11     | Noticed a hill giant
 10435 | D:11     | Killed a hill giant
 10645 | D:11     | Reached XP level 11. HP: 72/90 MP: 10/10
 10766 | D:11     | Noticed a death knight
 10784 | D:11     | Killed a death knight
 10966 | D:11     | Found a staircase to the Orcish Mines.
 11520 | D:11     | Noticed a purple ugly thing
 11533 | D:11     | Killed a purple ugly thing
 11537 | D:11     | Gained mutation: You expend magic power (3 MP) to strengthen your wands. [mutagenic meat]
 11538 | D:11     | Gained mutation: Your body sometimes deteriorates upon taking damage. [mutagenic meat]
 11567 | D:11     | Gained mutation: Your skin changes colour to match your surroundings (Stealth+). [potion of mutation]
 11567 | D:11     | Gained mutation: You tend to lose your temper in combat. [potion of mutation]
 11567 | D:11     | Gained mutation: Your system is resistant to poisons. (rPois) [potion of mutation]
 11568 | D:11     | Gained mutation: You are dopey. (Int -2) [potion of mutation]
 11568 | D:11     | Gained mutation: You are agile. (Dex +2) [potion of mutation]
 11569 | D:11     | Gained mutation: Your muscles are strong. (Str +2) [potion of mutation]
 11569 | D:11     | Gained mutation: Scrolls take you a little longer to read. [potion of mutation]
 11570 | D:11     | Gained mutation: You occasionally shout uncontrollably at your foes. [potion of mutation]
 11570 | D:11     | Lost mutation: You tend to lose your temper in combat. [potion of mutation]
 11571 | D:11     | Lost mutation: Your body sometimes deteriorates upon taking damage. [potion of mutation]
 11571 | D:11     | Lost mutation: Your muscles are strong. (Str +2) [potion of mutation]
 11572 | D:11     | Lost mutation: You expend magic power (3 MP) to strengthen your wands. [potion of mutation]
 11573 | D:11     | Gained mutation: You have a pair of large horns on your head. [potion of mutation]
 11573 | D:11     | Gained mutation: You are resistant to hostile enchantments. (MR+) [potion of mutation]
 11573 | D:11     | Lost mutation: You are dopey. (Int -2) [potion of mutation]
 11839 | D:12     | Noticed keipra's ghost (novice MiBe)
 11855 | D:12     | Killed keipra's ghost
 11882 | D:12     | Noticed a tengu warrior
 11903 | D:12     | Killed a tengu warrior
 11903 | D:12     | Received a gift from Trog
 12017 | D:12     | Found a portal to a secret trove of treasure.
 12324 | D:12     | Found a shimmering altar of Xom.
 12415 | D:12     | Noticed an oklob plant
 12546 | D:12     | Gained mutation: Your flesh is cold resistant. (rC+) [potion of beneficial mutation]
 12646 | Orc:1    | Entered Level 1 of the Orcish Mines
 13094 | Orc:1    | Noticed an orc knight
 13094 | Orc:1    | Noticed an orc sorcerer
 13094 | Orc:1    | Noticed an orc sorcerer
 13108 | Orc:1    | Killed an orc knight
 13111 | Orc:1    | Killed an orc sorcerer
 13115 | Orc:1    | Killed an orc sorcerer
 13115 | Orc:1    | Reached XP level 12. HP: 98/104 MP: 11/11
 13479 | Orc:2    | Entered Level 2 of the Orcish Mines
 13489 | Orc:2    | Noticed an orc warlord
 13805 | Orc:2    | Killed an orc warlord
 13818 | Orc:2    | Reached skill level 10 in Fighting
 13965 | Orc:2    | Found a staircase to the Elven Halls.
 14196 | Orc:2    | Noticed Urug
 14218 | Orc:2    | Killed Urug
 14218 | Orc:2    | Reached skill level 10 in Armour
 14219 | Orc:2    | Noticed an orc warlord
 14224 | Orc:2    | Noticed Blork the orc
 14234 | Orc:2    | Mangled by an orc warlord

Skill      XL: |  1  2  3  4  5  6  7  8  9 10 11 12 |
---------------+-------------------------------------+-----
Axes           | 4 5 6 8 9 11 13 14 | 14.8
Fighting       | 4 6 9 10 | 10.4
Dodging        | 3 4 6 7 9 11 12 13 | 13.0
Armour         | 5 9 10 | 10.1

Action                   |  1- 3 |  4- 6 |  7- 9 | 10-12 || total
-------------------------+-------+-------+-------+-------++-------
Melee: Hand axe          |    65 |   167 |   290 |   364 ||   886
       Headbutt          |    10 |    18 |    54 |   100 ||   182
       Battleaxe         |       |       |       |   193 ||   193
Invok: Berserk           |     1 |     2 |     3 |     7 ||    13
       Brothers in Arms  |       |       |     1 |       ||     1
  Use: Scroll            |       |       |    15 |     8 ||    23
       Potion            |       |       |     1 |     8 ||     9
  Eat: Chunk             |       |    10 |    15 |     8 ||    33
       Beef jerky        |       |     1 |     2 |       ||     3
       Meat ration       |       |       |     1 |     1 ||     2
       Fruit             |       |       |       |     7 ||     7
       Pizza             |       |       |       |     1 ||     1
       Bread ration      |       |       |       |     1 ||     1
Armor: Animal skin       |    12 |    27 |     1 |       ||    40
       Chain mail        |       |       |    90 |   159 ||   249
Dodge: Dodged            |    39 |   100 |   130 |   307 ||   576
